 Dungeon Crawl Stone Soup version 0.30-a0-989-g0d87f670db (webtiles) character file.

Game seed: 1587365078679862122

954 Maxmaps the Stinger (level 7, -9/85 HPs)
             Began as a Red Draconian Transmuter on Apr 4, 2023.
             Succumbed to a kobold brigand's poison
             ... in a sewer.
             The game lasted 00:08:45 (6935 turns).

Maxmaps the Stinger (Red Draconian Transmuter)      Turns: 6935, Time: 00:08:45

Health: -9/85      AC:  2    Str: 13    XL:     7   Next: 91%
Magic:  8/10       EV: 19    Int: 15    God:
Gold:   274        SH:  0    Dex: 16    Spells: 7/10 levels left

rFire   . . .      SeeInvis .      - Unarmed
rCold   . . .      Faith    .    p - melded +0 buckler
rNeg    . . .      Spirit   .    (body armour unavailable)
rPois   x          Reflect  .    (helmet currently unavailable)
rElec   .          Rampage  .    r - melded +0 cloak {Will+}
rCorr   .                        (gloves currently unavailable)
Will    .....                    m - melded +1 pair of boots Stlth
                                 (no amulet)
HPRegen 0.34/turn                (no ring)
MPRegen 0.12/turn                (no ring)

@: berserking, lethally poisoned (-9 -> -57), spider-form, very quick
A: venomous fangs, (breathe fire), AC +6, tiny, unfitting armour, (fire
resistance 1), (cold-blooded)
a: End Transformation


You were in a sewer.
You were a venomous arachnid creature.
You visited 1 branch of the dungeon, and saw 6 of its levels.
You also visited: Sewer.

You collected 274 gold pieces.

Inventory:

Armour
 m - a +1 pair of boots (melded)
 p - a +0 buckler (melded)
 r - a +0 cloak of willpower (melded)
Jewellery
 q - a ring of ice
Wands
 b - a wand of light (8)
 j - a wand of roots (17)
 v - a wand of mindburst (18)
Scrolls
 f - a scroll of butterflies
 h - a scroll of immolation
 i - a scroll of acquirement {unknown}
 k - a scroll of noise {unknown}
Potions
 a - a potion of curing {unknown}
 c - 3 potions of degeneration
 d - 2 potions of heal wounds {unknown}
 e - 3 potions of berserk rage
 g - 2 potions of brilliance
 t - a potion of invisibility {unknown}
 u - a potion of haste {unknown}


   Skills:
 - Level 3.0 Fighting
 - Level 1.7 Dodging
 - Level 5.0 Shields
 - Level 3.0 Unarmed Combat
 - Level 2.0 Spellcasting
 + Level 4.8 Transmutations
 - Level 5.1 Poison Magic


You had 7 spell levels left.
You knew the following spells:

 Your Spells              Type           Power      Damage    Failure   Level
b - Spider Form           Tmut/Pois      16%        N/A       22%         3

Your spell library contained the following spells:

 Spells                   Type           Power      Damage    Failure   Level
 Beastly Appendage        Tmut           30%        N/A       11%         1
 Wereblood                Tmut           15%        N/A       14%         2
 Magic Dart               Conj           4%         1d3       43%         1
 Searing Ray              Conj           2%         2d4       54%         2
 Ozocubu's Armour         Ice            1%         N/A       75%         3
 Ice Form                 Ice/Tmut       8%         N/A       82%         4
 Fulminant Prism          Conj/Hex       0%         3d5       98%         4
 Metabolic Englaciation   Hex/Ice        0%         N/A       100%        5
 Simulacrum               Ice/Necr       0%         N/A       100%        6


Dungeon Overview and Level Annotations

Branches:
Dungeon (6/15)              Sewer (1/1)
 Temple: D:4-7

Altars:
Hepliaklqana
Ru
Sif Muna
Zin

Shops:
D:2 *   D:5 **


Innate Abilities, Weirdness & Mutations

You are a venomous arachnid creature.
You have venomous fangs.
You are tiny and dextrous.
Your spellcasting is less reliable in this form.
Your armour is entirely melded.
You are incapable of wielding weapons or throwing items.
((You can breathe blasts of fire.))
((Your fiery red scales are hard. (AC +6)))
You cannot fit into any form of body armour.
((Your flesh is heat resistant. (rF+)))
((You are cold-blooded and may be slowed by cold attacks.))


Message History

The kobold hits you with a +0 club.
You hit the kobold brigand.
The kobold brigand looks as sick as possible!
The kobold brigand is moderately wounded.
You feel extremely sick.
The kobold hits you with a +0 short sword.
The kobold brigand barely misses you. The kobold hits you with a +0 club.
You are too injured to fight recklessly!
You are too injured to fight recklessly!
You are too injured to fight recklessly!
You are too injured to fight recklessly!
You are too injured to fight recklessly!
You are too injured to fight recklessly!
You are too injured to fight recklessly!
You are too injured to fight recklessly!
You are too injured to fight recklessly!
You are too injured to fight recklessly!
You are too injured to fight recklessly!
You are too injured to fight recklessly!
You are too injured to fight recklessly!
You are too injured to fight recklessly!
You are too injured to fight recklessly!
You are too injured to fight recklessly!
You are too injured to fight recklessly!
Unknown command.
You are too injured to fight recklessly!
You hit the kobold brigand.
The kobold brigand is severely wounded.
You feel extremely sick. The kobold misses you.
The kobold brigand hits you with a +1 short sword of venom!
* * * LOW HITPOINT WARNING * * *
You are more poisoned.
The kobold barely misses you. The kobold attacks as you move away!
The kobold closely misses you.
* * * LOW HITPOINT WARNING * * *
You feel extremely sick.
A red film seems to cover your vision as you go berserk!
You feel yourself moving faster!
You feel mighty!
You die...

##....#≈≈≈≈~~†..##
#..†##~≈≈≈≈.....#
#..##~≈≈≈≈≈.....#
##..##≈≈≈≈≈~.~....
#....#~≈≈≈≈~≈~....
##.....~≈≈≈≈≈≈.....
#....~.~≈≈≈≈≈~....#
#...~.~~≈≈≈≈≈~~...#
#KsK~~~≈≈≈≈≈≈~~...#
#.K..~≈≈≈≈≈≈≈≈~..##
##K###≈≈≈≈≈≈###'###
.K. #≈≈≈≈≈≈#.....#
.....#≈≈≈≈≈≈#..)).#
##...##≈≈≈≈≈≈##...##
....! ≈≈≈ #.....#
..#!? #..#..# ###
### #######


You could see a kobold brigand (extremely poisoned) and 4 kobolds.

Vanquished Creatures
  Sigmund (D:3)
  A sky beast (D:6)
  A centaur (D:5)
  A scorpion (D:4)
  2 hounds (D:5)
  Crazy Yiuf (D:3)
  Jessica (D:2)
  Ijyb (D:5)
  5 iguanas
  Robin (D:3)
  7 adders
  4 gnolls (D:5)
  4 river rats (Sewer)
  2 shadow imps
  3 worms (D:2)
  4 dart slugs
  2 orcs
  14 ball pythons
  6 endoplasms
  3 giant cockroaches
  10 hobgoblins
  4 jackals
  3 quokkas
  7 bats
  9 goblins
  12 kobolds
  26 rats
135 creatures vanquished.

Notes
Turn   | Place    | Note
-------+----------+-------------------------------------------
     0 | D:1      | Maxmaps the Draconian Transmuter began the quest for the
                  | Orb.
     0 | D:1      | Reached XP level 1. HP: 16/16 MP: 3/3
   121 | D:1      | Found a faded altar of an unknown god.
   122 | D:1      | Noticed a shining eye
   125 | D:1      | Noticed a great orb of eyes
   125 | D:1      | Noticed a golden eye
   125 | D:1      | Noticed a great orb of eyes
   338 | D:1      | Reached XP level 2. HP: 22/25 MP: 5/5
  1011 | D:2      | Found Heawadist's General Store.
  1127 | D:2      | Reached XP level 3. HP: 31/31 MP: 4/6
  1131 | D:2      | Learned a level 3 spell: Spider Form
  1375 | D:2      | Reached skill level 1 in Poison Magic
  1382 | D:2      | Noticed Jessica
  1394 | D:2      | Killed Jessica
  1408 | D:2      | Reached XP level 4. HP: 13/38 MP: 3/7
  2494 | D:3      | Noticed Sigmund
  2516 | D:3      | Killed Sigmund
  2517 | D:3      | Reached skill level 5 in Poison Magic
  2517 | D:3      | Reached XP level 5. HP: 11/45 MP: 3/8
  2517 | D:3      | Reached XP level 6. HP: 13/51 MP: 3/9
  2853 | D:3      | Found a runed translucent door.
  2854 | D:3      | Noticed Crazy Yiuf
  3357 | D:3      | Noticed Robin
  3368 | D:3      | Killed Robin
  3641 | D:3      | Killed Crazy Yiuf
  4137 | D:4      | Reached skill level 1 in Shields
  4835 | D:5      | Entered Level 5 of the Dungeon
  4847 | D:5      | Your scales start taking on a fiery red colour.
  4847 | D:5      | Reached XP level 7. HP: 49/57 MP: 6/10
  4847 | D:5      | Gained mutation: Your flesh is heat resistant. (rF+) [Red
                  | Draconian growth]
  4890 | D:5      | Noticed Ijyb
  4901 | D:5      | Killed Ijyb
  5411 | D:5      | Found a sacrificial altar of Ru.
  5496 | D:5      | Found Xigacec's Specific Store.
  5501 | D:5      | Found Ciowkocw's General Store.
  5593 | D:5      | Found a shimmering blue altar of Sif Muna.
  5708 | D:5      | Reached skill level 5 in Shields
  5753 | D:5      | Found a hazy altar of Hepliaklqana.
  6007 | D:5      | Found a glowing silver altar of Zin.
  6170 | D:6      | Found a glowing drain.
  6212 | Sewer    | Entered a sewer
  6934 | Sewer    | HP: 1/57 [poisoned by a kobold brigand]
  6935 | Sewer    | Succumbed to a kobold brigand's poison

Illustrated notes

Levels and vault maps discovered:
D:1:      minmay_arrival_loop, layout_loops_corners,
          hellmonk_ecumenical_altar_watching_god, minmay_misc_feat_rows,
          chequers_serial_rivers_large_a
D:2:      layout_loops_ring, serial_shops, nicolae_shop_advertising_works
          [nicolae_subvault_shop_adworks], uniq_jessica
D:3:      layout_basic, uniq_robin, uniq_sigmund, uniq_crazy_yiuf_cottage
D:4:      layout_layer_cave, serial_glass, glass_columns_a, glass_columns_b,
          glass_columns_a, glass_columns_a, glass_columns_b, glass_columns_c,
          glass_columns_b, glass_columns_b, glass_columns_c, glass_columns_a,
          feat_on_display
D:5:      nicolae_cairo_tiling_large, layout_cave_pools, lemuel_tele_altar,
          mainiacjoe_overflow_catch_the_wave, zin_treasury,
          nicolae_concentric_dashed_squares_wild, nicolae_specific_store,
          uniq_ijyb
D:6:      layout_layer_cave, minmay_temple_entry_stoned_glass,
          cheibrodos_sewer_entry_drain, minmay_misc_feat_plants
Sewer:    sewer_minmay_treatment

Skill      XL: |  1  2  3  4  5  6  7 |
---------------+----------------------+-----
Fighting       | 2 3 |  3.0
Poison Magic   | 2 5 |  5.1
Transmutations | 3 4 |  4.8
Shields        | 3 5 |  5.0
Dodging        | |  1.7
Unarmed Combat | |  3.0
Spellcasting   | |  2.0

Action                     |  1- 3 |  4- 6 |  7- 9 || total
---------------------------+-------+-------+-------++-------
  Melee: Unarmed           |    83 |   167 |   178 ||   428
         Tailslap          |     7 |     6 |     2 ||    15
         Kick              |    12 |       |       ||    12
         Headbutt          |     3 |       |       ||     3
         Punch             |       |     1 |       ||     1
   Cast: Beastly Appendage |     7 |       |       ||     7
         Spider Form       |     1 |    26 |    22 ||    49
    Use: Potion            |       |     1 |     1 ||     2
         Scroll            |       |       |    11 ||    11
   Stab: Sleeping          |       |     1 |       ||     1
 Armour: Skin              |    20 |    25 |    17 ||    62
  Dodge: Dodged            |    49 |   106 |   215 ||   370
  Block: Buckler           |       |       |     3 ||     3

Table legend: (Time is in decaauts)
 A = Elapsed time spent in this place.
 B = Non-inter-level travel time spent in this place.
 C = Inter-level travel time spent in this place.
 D = Time resting spent in this place.
 E = Time spent auto-exploring this place.
 F = Levels seen in this place.
 G = Mean time per level.
                   A        B        C        D        E       F      G
               +--------+--------+--------+--------+--------+-----+--------+
         Total |   6939 |   6831 |    108 |   1290 |   4508 |   7 |  991.3 |
       Dungeon |   6218 |   6110 |    108 |    980 |   4298 |   6 | 1036.3 |
         Sewer |    721 |    721 |      0 |    310 |    210 |   1 |  721.0 |
               +--------+--------+--------+--------+--------+-----+--------+

Top non-repeatable levels by time:
     D:3: 1518 daAuts
     D:2: 1210 daAuts
     D:5: 1190 daAuts
     D:4: 1124 daAuts
     D:1: 985 daAuts
   Sewer: 721 daAuts
     D:6: 190 daAuts
